 Dungeon Crawl Stone Soup version 0.29.1-2-gbd0b4ee654 (webtiles) character file.

Game seed: 6120350227940102717

12424 avis the Skirmisher (level 11, 0/94 HPs)
             Began as a Demigod Ice Elementalist on Oct 25, 2022.
             Slain by a minotaur
             ... wielding a staff of earth
              (11 damage)
             ... in a Gauntlet.
             The game lasted 01:50:59 (14591 turns).

avis the Skirmisher (Demigod Ice Elementalist)     Turns: 14591, Time: 01:51:00

Health: 0/94       AC: 16    Str:  9    XL:     11   Next: 36%
Magic:  22/29      EV: 19    Int: 20    God:
Gold:   258        SH:  5    Dex: 32    Spells: 7/18 levels left

rFire   . . .      SeeInvis .   b - +0 shortbow
rCold   . . .      Faith    .   (shield currently unavailable)
rNeg    . . .      Spirit   .   I - +0 steam dragon scales
rPois   .          Reflect  +   (no helmet)
rElec   .          Harm     .   x - +0 cloak
rCorr   .          Rampage  .   (no gloves)
Will    +....      NoTele   +   d - +1 pair of boots of Fun {Int+3}
Stlth   +++.......              y - amulet of reflection
HPRegen 0.25/turn               u - ring of magical power
MPRegen 0.21/turn               s - +6 ring of dexterity

@: ice-armoured, freezing walls
A: high MP 1, forlorn, divine attributes
a: no special abilities


You were in a Gauntlet.
You visited 3 branches of the dungeon, and saw 11 of its levels.
You also visited: Sewer and Gauntlet.

You collected 618 gold pieces.
You spent 360 gold pieces at shops.

Inventory:

Hand Weapons
 a - a +5 short sword
 b - a +0 shortbow (weapon)
 e - a +0 arbalest
 w - a +1 falchion
Missiles
 r - a curare-tipped dart
 t - a throwing net
 z - 27 poisoned darts
 O - an atropa-tipped dart (quivered)
Armour
 d - the +1 pair of boots of Fun (worn) {Int+3}
   (You found it in a Gauntlet)

   Int:       It affects your intelligence (+3).
 x - a +0 cloak (worn)
 I - +0 steam dragon scales (worn)
Jewellery
 s - a +6 ring of dexterity (right hand)
 u - a ring of magical power (left hand)
 y - an amulet of reflection (around neck)
Wands
 q - a wand of roots (7)
Scrolls
 f - 4 scrolls of teleportation
 n - a scroll of magic mapping
 o - a scroll of blinking {unknown}
 v - a scroll of noise {unknown}
 J - a scroll of fear
Potions
 c - 13 potions of ambrosia
 g - a potion of resistance
 i - a potion of magic
 l - 4 potions of flight
 m - 5 potions of curing
 P - 2 potions of brilliance


   Skills:
 - Level 8.0 Fighting
 - Level 2.0 Long Blades
 * Level 11.5 Ranged Weapons
 - Level 2.0 Armour
 - Level 6.0 Dodging
 - Level 2.0 Stealth
 - Level 4.0 Spellcasting
 - Level 2.0 Conjurations
 - Level 7.0 Ice Magic


You had 7 spell levels left.
You knew the following spells:

 Your Spells              Type           Power      Damage    Failure   Level
a - Freeze                Ice            100%       1d11      1%          1
o - Ozocubu's Armour      Ice            32%        N/A       2%          3
r - Frozen Ramparts       Ice            64%        1d10      2%          3
s - Hailstorm             Conj/Ice       22%        3d7       21%         4

Your spell library contained the following spells:

 Spells                   Type           Power      Damage    Failure   Level
 Foxfire                  Conj/Fire      32%        2x1d5     9%          1
 Apportation              Tloc           8%         N/A       13%         1
 Necrotise                Necr           16%        1d4       13%         1
 Poisonous Vapours        Pois/Air       8%         N/A       19%         2
 Conjure Flame            Conj/Fire      8%         6-21      26%         3
 Inner Flame              Hex/Fire       4%         N/A       36%         3
 Vampiric Draining        Necr           4%         2d6       36%         3
 Flame Wave               Conj/Fire      8%         2d5       63%         4
 Animate Dead             Necr           4%         N/A       77%         4
 Corpse Rot               Necr/Pois/Air  4%         N/A       77%         4
 Agony                    Necr           4%         N/A       98%         5
 Alistair's Intoxication  Tmut/Pois      2%         N/A       98%         5
 Borgnjor's Vile Clutch   Necr/Erth      2%         N/A       98%         5
 Death Channel            Necr           2%         N/A       100%        6
 Haunt                    Necr/Summ      2%         N/A       100%        7
 Infestation              Necr           2%         N/A       100%        8


Dungeon Overview and Level Annotations

Branches:
Dungeon (9/15)             Temple (1/1) D:5            Lair (1/5) D:9
  Sewer (visited)         Gauntlet (1/1)
    Orc: D:9-12

Shops:
D:7 =   D:9 *

Annotations:
D:7 3 runed translucent doors, plokij's ghost, novice MiFi Gauntlet 11 transporters, 4 runed translucent doors, exclusion: orange crystal statue


Innate Abilities, Weirdness & Mutations

You have an increased reservoir of magic. (+10% MP)
You shall have no god before yourself.
Your divine heritage dramatically boosts your attributes as you level up.


Message History

* * * LOW HITPOINT WARNING * * *
You feel better.
The frozen ramparts melt away.
The minotaur hits you with a staff of earth!
* * * LOW HITPOINT WARNING * * *
The minotaur barely misses you.
Okay, then.
Casting: Ozocubu's Armour (mildly dangerous; 2% risk of failure)
Confirm with . or Enter, or press ? or * to list all spells.
Casting: Frozen Ramparts (mildly dangerous; 2% risk of failure)
Press: ? - help, Dir - look around, f - activate The walls around you are covered in ice.
The wall freezes the minotaur.
The minotaur hits you with a staff of earth!
* * * LOW HITPOINT WARNING * * *
The minotaur gores you but does no damage.
Okay, then.
Okay, then.
Unknown command.
Throw: 3 darts (atropa)
Press: ? - help, Q - select action, (/) - cycle Shift-Dir - straight line, f - minotaur
Aim: a minotaur, wielding a staff of earth, wearing a +0 chain mail and quivering javelins (moderately wounded, 79% to hit, chance to blind on hit: 3%)
You throw an atropa-tipped dart.
The atropa-tipped dart barely misses the minotaur.
The wall freezes the minotaur but does no damage.
The minotaur misses you. The minotaur gores you.
* * * LOW HITPOINT WARNING * * *
Unknown command.
You feel better.
The wall freezes the minotaur.
You block the minotaur's attack.
The minotaur gores you but does no damage.
Throw: 2 darts (atropa)
Press: ? - help, Q - select action, (/) - cycle Shift-Dir - straight line, f/p - minotaur
Aim: a minotaur, wielding a staff of earth, wearing a +0 chain mail and quivering javelins (heavily wounded, 79% to hit, chance to blind on hit: 3%)
You throw an atropa-tipped dart.
The atropa-tipped dart hits the minotaur.
The minotaur resists.
The minotaur is heavily wounded.
The wall freezes the minotaur.
The minotaur completely misses you. The minotaur gores you!
You die...

...#©..8#.⌠.#.8.#
#########.8.#.©.# .#
#(.©#...#...#.8.. .#
#.###.#+#...#.©.# ..
#[#...#.#.8.#.8.##.# ##
#8#.###.#.∩.#.©.. .##.'
#.#.#...#.8.#.8.# ...
#.#.#.###...#.©.##.#
#...#..©#...#.8.@H(#
#########.8.#.©.##....#
...#©..8#.⌠.#.8.#
.##....
.8.#...©#.8.#......#
##.
...#©..8#...#...##..
#########...#≈≈≈# ###
#)?#©#..#..###≈##
#.#.#.#.#.## ###
#.#.#.#.#.≈##


You could see a minotaur.

Vanquished Creatures
  Gastronok (D:9)
  2 two-headed ogres
  A necromancer (Gauntlet)
  Psyche (D:8)
  A komodo dragon (Lair:1)
  A queen bee (Lair:1)
  A hornet (D:9)
  Grinder (D:4)
  3 blink frogs (Lair:1)
  7 wyverns
  10 yaks
  A basilisk (D:9)
  A wraith (D:7)
  A steam dragon (D:7)
  4 water moccasins
  2 ice beasts
  2 sky beasts
  3 ogres
  An orc warrior (D:9)
  2 centaurs
  4 wolves (Gauntlet)
  2 phantoms (D:5)
  3 kobold brigands
  A necrophage (D:7)
  3 bullfrogs
  5 scorpions
  9 wights
  30 killer bees
  2 howler monkeys
  2 hounds
  A jelly (D:5)
  An orc priest (D:8)
  A gnoll bouda (D:3)
  Terence (D:2)
  4 iguanas
  Natasha (thrice) (D:2)
  9 orc wizards
  12 gnolls
  3 adders
  2 river rats (Sewer)
  3 white imps
  An ufetubus (D:7)
  2 worms
  2 dart slugs
  17 orcs
  5 bats
  7 endoplasms
  5 giant cockroaches
  9 goblins
  7 hobgoblins
  5 jackals
  6 quokkas
  9 ball pythons
  A frilled lizard (D:2)
  18 kobolds
  6 rats
247 creatures vanquished.

Vanquished Creatures (others)
  A bush (D:9)
  5 fungi (D:9)
  32 plants
38 creatures vanquished.

Grand Total: 285 creatures vanquished

Notes
Turn   | Place    | Note
-------+----------+-------------------------------------------
     0 | D:1      | avis the Demigod Ice Elementalist began the quest for the
                  | Orb.
     0 | D:1      | Reached XP level 1. HP: 14/14 MP: 5/5
   216 | D:1      | Reached skill level 1 in Fighting
   573 | D:1      | Reached XP level 2. HP: 23/23 MP: 1/7
  1239 | D:1      | Reached XP level 3. HP: 28/28 MP: 6/9
  1369 | D:1      | Learned a level 3 spell: Frozen Ramparts
  1503 | D:2      | Learned a level 3 spell: Ozocubu's Armour
  1618 | D:2      | Noticed Terence
  1794 | D:2      | Noticed Natasha
  1808 | D:2      | Killed Natasha
  2380 | D:2      | Reached XP level 4. HP: 36/36 MP: 11/11
  2615 | D:2      | Noticed Natasha
  2624 | D:2      | Killed Terence
  2630 | D:2      | Killed Natasha
  2802 | D:2      | Noticed Natasha
  2810 | D:2      | Killed Natasha
  2903 | D:3      | Reached XP level 5. HP: 41/41 MP: 8/12
  3518 | D:2      | Reached skill level 5 in Ice Magic
  4551 | D:4      | Noticed an ogre
  4562 | D:4      | Killed an ogre
  4563 | D:4      | Reached XP level 6. HP: 47/51 MP: 7/13
  5057 | D:4      | Noticed Grinder
  5073 | D:4      | Paralysed by Grinder for 3 turns
  5081 | D:4      | Killed Grinder
  5082 | D:4      | Reached skill level 2 in Ranged Weapons
  5462 | D:4      | Reached XP level 7. HP: 57/57 MP: 7/14
  5798 | D:5      | Entered Level 5 of the Dungeon
  5930 | D:5      | Found a glowing drain.
  5948 | Sewer    | Entered a sewer
  6604 | D:5      | Noticed a two-headed ogre
  6620 | D:5      | Killed a two-headed ogre
  6621 | D:5      | Reached skill level 5 in Fighting
  6621 | D:5      | Reached skill level 4 in Ranged Weapons
  6621 | D:5      | Reached XP level 8. HP: 29/68 MP: 15/15
  7099 | D:5      | Found a staircase to the Ecumenical Temple.
  7360 | Temple   | Entered the Ecumenical Temple
  7754 | D:6      | Reached skill level 5 in Ranged Weapons
  8213 | D:6      | Reached XP level 9. HP: 34/72 MP: 16/16
  8478 | D:6      | Reached skill level 6 in Ranged Weapons
  9253 | D:7      | Reached skill level 5 in Dodging
  9943 | D:7      | Learned a level 4 spell: Hailstorm
 10341 | D:7      | Found Tihuill's Jewellery Boutique.
 10375 | D:7      | Found a runed translucent gate.
 10375 | D:7      | Found a runed translucent gate.
 10376 | D:7      | Found a runed translucent gate.
 10380 | D:7      | Noticed plokij's ghost (novice MiFi)
 10380 | D:7      | Noticed a spectral unseen horror
 10494 | D:8      | Noticed Psyche
 10516 | D:8      | Killed Psyche
 10517 | D:8      | Reached skill level 1 in Conjurations
 10793 | D:8      | Reached skill level 7 in Ranged Weapons
 10902 | D:8      | Reached XP level 10. HP: 82/86 MP: 19/19
 11193 | D:8      | Reached skill level 8 in Ranged Weapons
 11329 | D:8      | Reached skill level 1 in Long Blades
 12808 | D:9      | Reached skill level 9 in Ranged Weapons
 13045 | D:9      | Found a staircase to the Lair.
 13125 | D:9      | Noticed Gastronok
 13181 | D:9      | Killed Gastronok
 13182 | D:9      | Reached skill level 10 in Ranged Weapons
 13591 | D:9      | Noticed a two-headed ogre
 13605 | D:9      | Killed a two-headed ogre
 13606 | D:9      | Reached skill level 1 in Armour
 13606 | D:9      | Reached XP level 11. HP: 85/94 MP: 20/20
 13678 | D:9      | Found Waneal's Assorted Antiques.
 13778 | D:7      | Bought a +6 ring of dexterity for 360 gold pieces
 14161 | Lair:1   | Entered Level 1 of the Lair of Beasts
 14266 | Lair:1   | Reached skill level 11 in Ranged Weapons
 14278 | Lair:1   | Found a gate leading to a gauntlet.
 14315 | Gauntlet | Entered a Gauntlet
 14315 | Gauntlet | Found a transporter.
 14324 | Gauntlet | Noticed a necromancer
 14325 | Gauntlet | Found a transporter.
 14328 | Gauntlet | Found a transporter.
 14329 | Gauntlet | Found a transporter.
 14337 | Gauntlet | Found a transporter.
 14340 | Gauntlet | Found a transporter.
 14341 | Gauntlet | Found a transporter.
 14348 | Gauntlet | Found a runed translucent door.
 14351 | Gauntlet | Found a transporter.
 14352 | Gauntlet | Found a transporter.
 14353 | Gauntlet | Found a transporter.
 14362 | Gauntlet | Found a transporter.
 14364 | Gauntlet | Found a transporter.
 14365 | Gauntlet | Found a transporter.
 14368 | Gauntlet | Noticed a death scarab
 14370 | Gauntlet | Noticed a death scarab
 14371 | Gauntlet | Found a runed translucent gate.
 14371 | Gauntlet | Found a runed translucent gate.
 14371 | Gauntlet | Found a runed translucent gate.
 14373 | Gauntlet | Found a transporter.
 14412 | Gauntlet | Noticed an orange crystal statue
 14466 | Gauntlet | Killed a necromancer
 14562 | Gauntlet | Identified the +1 pair of boots of Fun {Int+3}
 14577 | Gauntlet | Noticed a minotaur
 14591 | Gauntlet | Slain by a minotaur

Illustrated notes

Levels and vault maps discovered:
D:1:      tarquinn_simple_flora_water_f, layout_loops_ring,
          shapermc_ecumenical_altar_pompeii, serial_bayou_pond_a,
          minmay_misc_feat_cross
D:2:      layout_loops_corners, minivault_24, corexii_leaking_fountain,
          mrwooster_statue_mirror, chequers_serial_rivers_micro_a,
          minmay_misc_feat_room, uniq_terence, uniq_natasha
D:3:      layout_rooms, grunt_gozag_statues, mainiacjoe_overflow_24_doors,
          mainiacjoe_overflow_boulevard
D:4:      layout_basic, old_standard_altar, bloody_makhleb, uniq_grinder
D:5:      layout_basic, minmay_temple_entry_gardened_gates,
          portal_sewer_entry_a, corexii_hall_statues_x
D:6:      layout_loops_ring, mainiacjoe_overflow_surrounded_room, st_stairs_2
D:7:      layout_loops_ring, ashenzari_conservatory_becter,
          gammafunk_ghost_necromancy, serial_shops, kennysheep_mini,
          dreamdust_princess_bridge
D:8:      layout_basic, fedhas_ov_isle_minmay, uniq_psyche
D:9:      layout_loops_ring, minmay_lair_entry_grove, serial_shops,
          nicolae_diamond_shop, chequers_serial_rivers_small_3, billiards_dpeg,
          uniq_gastronok
Temple:   hellmonk_temple_forest_ring
Lair:1:   layout_roguey [special_room_bee], basic_altar, gauntlet_entry_generic,
          kennysheep_abandoned_house, grunt_megastairs_4,
          infiniplex_staircase_pool_2, lemuel_fruit_tree, serial_bayou_shore_b
Gauntlet: gammafunk_gauntlet_77_escape_option
          [minmay_gauntlet_arena_77_squiggly, minmay_gauntlet_arena_77_braids,
          minmay_gauntlet_arena_77_path,
          minmay_gauntlet_arena_77_tiled_triplets,
          minmay_gauntlet_arena_77_run_for_it, gauntlet_exit_green]

Skill      XL: |  1  2  3  4  5  6  7  8  9 10 11 |
---------------+----------------------------------+-----
Fighting       | 1 2 3 5 6 7 8 |  8.0
Ice Magic      | 4 5 6 7 |  7.0
Spellcasting   | 2 3 4 |  4.0
Dodging        | 2 3 4 5 6 |  6.0
Stealth        | 2 |  2.0
Ranged Weapons | 2 4 5 7 10 11 | 11.5
Conjurations   | 2 |  2.0
Long Blades    | 2 |  2.0
Armour         | 1 2 |  2.0

Action                   |  1- 3 |  4- 6 |  7- 9 | 10-12 || total
-------------------------+-------+-------+-------+-------++-------
Melee: Dagger            |     8 |    50 |   191 |       ||   249
       Punch             |       |     1 |     7 |     2 ||    10
       Falchion          |       |       |    21 |    15 ||    36
       Flail             |       |       |     6 |       ||     6
       Whip              |       |       |     4 |       ||     4
       Short sword       |       |       |       |    24 ||    24
 Fire: Sling             |     3 |    32 |   120 |    37 ||   192
       Shortbow          |       |       |       |   180 ||   180
Throw: Dart              |       |       |       |     2 ||     2
 Cast: Freeze            |    62 |     4 |     1 |       ||    67
       Frozen Ramparts   |     1 |    22 |    55 |    44 ||   122
       Ozocubu's Armour  |     1 |    18 |    33 |    25 ||    77
       Hailstorm         |       |       |     2 |     1 ||     3
  Use: Scroll            |       |       |     3 |    11 ||    14
       Potion            |       |       |     3 |     4 ||     7
 Stab: Sleeping          |     4 |     2 |     2 |       ||     8
       Distracted        |     1 |       |       |       ||     1
Armor: Robe              |     7 |     7 |    38 |       ||    52
       Steam dragon scal |       |       |    35 |    59 ||    94
Dodge: Dodged            |    27 |    61 |   184 |   154 ||   426
Block: Other             |       |       |       |    12 ||    12
